← All builds
Pond / Armada / Economy first / OBSERVED BUILD

Standard pond

Standard Pond play: fast Bot Lab and early boosting into Advanced Metal Extractor, sending Tick/Pawn/Blitz to front while tidal-boosting allies throughout.

#eco #team support · 485 distinct matches · 107 players · 59% of Armada Pond games · team won 50% of 552 · Recently observed

HOW TO PLAY IT

Key timing: Bot Lab by 5:42

  1. Open tidal, then wind to start boosting front's economy.
  2. Take mex and keep boosting wind or tidal depending on front's needs.
  3. Get a Bot Lab up, start sending Tick and Pawn to front.
  4. Add Advanced Metal Extractor to scale up team's economy.
  5. Switch to tick spam if enemy reaches T2 front before you do.

Phase by phase

TYPICAL OF ITS 485 GAMES
  1. 1
  2. 2
PLAY THE OPENING

Follow the example game's first 6:00 step by step: what to build now, what comes next, and where it goes. At 1× it keeps pace with your own game.

  1. 1

    Up to the Bot Lab

    Economy
    • Metal Extractor4Mex
    • Wind Turbine10Wind
    • Tidal Generator8Tidalfor allies
    • Tidal Generator1Tidal
    • Energy Storage1Energy storage
    Order
    1. Bot LabBot Lab after 4 mex, 10 wind, 1 energy storagedone ~5:36, middle half 3:31–7:00

    Some games also: converter (45%)

    By 5:05 in all: 4 mex · 10 wind · 1 tidal · 1 energy storage

    The example game in this phase · 26 steps
    1. Tidal ×8for Suicide front
    2. Tidal
    3. Mex ×4
    4. Energy storage
    5. Wind ×5
    6. Con turret
    7. Wind
    8. Con turret
    9. Wind ×3
    10. Energy storage
    11. Wind
    12. Converter
    13. Wind
    14. Converter
    15. Wind
    16. Converter ×2
    17. Wind
    18. Converter
    19. Wind
    20. Converter
    21. Wind ×2
    22. Converter
    23. Wind ×22
    24. Dragon's TeethDragon's Teeth ×9
    25. SentrySentry
    26. Bot LabBot Labdone 8:45 · typical 5:36
  2. 2

    Bot Lab to 10:00

    Economy
    • Wind Turbine16Wind
    Builders
    • Construction Turret1 Con turret
    • Construction Bot2 Con bot
    Army
    • Tick1 Tick

    Some games also: Lazarus (48%) · converter (45%)

    By 10:00 in all: 4 mex · 31 wind · 1 tidal · 5 converter · 1 energy storage · 2 con turret

    The example game in this phase · 58 steps
    1. PawnPawn ×6
    2. SentrySentry
    3. PawnPawn ×6
    4. SentrySentry
    5. PawnPawn ×2
    6. SentrySentry
    7. PawnPawn
    8. SentrySentry ×2
    9. Construction BotCon bot
    10. TickTick ×4
    11. Advanced Metal ExtractorT2 mexdone 12:03 · typical 9:54
    12. TickTick
    13. PawnPawn ×5
    14. TickTick ×5
    15. PawnPawn ×3
    16. Advanced Metal ExtractorT2 mex
    17. Wind
    18. Converter
    19. Wind ×2
    20. Converter
    21. Wind ×3
    22. Converter
    23. Wind ×2
    24. Advanced Metal ExtractorT2 mex
    25. Wind ×3
    26. Converter
    27. Wind ×2
    28. Converter
    29. Advanced Metal ExtractorT2 mex
    30. Wind
    31. Con turret ×3
    32. Dragon's TeethDragon's Teeth ×3
    33. Con turret
    34. Dragon's TeethDragon's Teeth ×2
    35. Con turret
    36. Fusion ReactorFusiondone 14:57
    37. Dragon's TeethDragon's Teeth ×2
    38. Wind
    39. Dragon's TeethDragon's Teeth
    40. Con turret
    41. Dragon's TeethDragon's Teeth ×2
    42. Wind
    43. Con turret
    44. Dragon's TeethDragon's Teeth ×2
    45. Con turret
    46. Wind
    47. Dragon's TeethDragon's Teeth ×3
    48. Wind
    49. Dragon's TeethDragon's Teeth ×2
    50. Wind
    51. Dragon's TeethDragon's Teeth
    52. Wind
    53. Dragon's TeethDragon's Teeth ×5
    54. Converter
    55. Dragon's TeethDragon's Teeth ×3
    56. Converter
    57. Dragon's TeethDragon's Teeth ×2
    58. Converter

Counts are medians over the build's games: half of them build more, half fewer. The example game is UsurpeR's (43 OS, 25/09/2026); pick another.

Team trades

IN AT LEAST 30% OF ITS GAMES

You hand over

  • Tidal Generator8 Tidal to Suicide front or Frontfirst at 0:10 · in 90% of games

You get

  • Hercules1 Light transport from Air or Techfirst at 4:28 · in 31% of games
  • Hephaestus1 Heavy transport from Air or Techfirst at 4:44 · in 39% of games
  • Fatboy1 Fatboy from Techfirst at 5:03 · in 40% of games
  • Sharpshooter2 Sniper bot from Techfirst at 5:16 · in 42% of games
  • Advanced Construction Bot1 T2 con bot from Techfirst at 8:18 · in 92% of games

How it plays out

Typical game of this build, running totals by minute

Metal produced

010k20k
0:005:0010:0015:00

metal

Enemy metal destroyed

02k4k6k
0:005:0010:0015:00

metal

Own metal lost

02k4k
0:005:0010:0015:00

metal

552 games.

Show as table
ByMetal produced: This buildEnemy metal destroyed: This buildOwn metal lost: This build
1:0011500
2:0027300
3:0082000
4:00151000
5:00223100
6:00298400
7:0038434600
8:0047571245139
9:0057151971377
10:0069002791714
11:00838032701148
12:001035735821584
13:001262341971941
14:001497747652420
15:001762253213019
WHAT THE NUMBERS SAY

This is the role's standard support job, winning slightly under half its games while contributing modest kills for modest losses.

  • + Keeps own losses fairly low relative to kills (2827 destroyed vs 756 lost by 10:00).
  • + Reaches T2 constructor reliably (89% of games) by 8:10.
  • − Metal production trails other roles at 6855 by 10:00.
  • − No kills registered by 5:00, slow to impact the fight.
THE EXAMPLE YOU ARE READING

UsurpeR

43.2 OS · 25/09/2026

Open source match ↗

9 received units · includes a constructor
142 metal received · 89603 energy received

Allied construction assistance is unknown. Timings are observations, not a promise of solo reproducibility.

Typical milestones

Bot Lab5:36Middle 50%: 3:31–7:00 · n=496
Advanced Metal Extractor9:54Middle 50%: 8:59–10:38 · n=500

Played most by

Viltrum44games of this buildTeaner38games of this buildUsurpeR27games of this buildzeus_on_god23games of this buildRogShotz20games of this build